 Dungeon Crawl Stone Soup version 0.31-a0-1178-gc5c9b8f871 (webtiles) character file.

Game seed: 10739242016305509769

2751 grandjackal the Knight (level 9, -2/63 (74) HPs)
             Began as a Demonspawn Gladiator on Dec 12, 2023.
             Was a Priest of Okawaru.
             Slain by a wight
             ... wielding a +4 flail of freezing
              (11 damage)
             ... on level 7 of the Dungeon.
             The game lasted 00:05:52 (5225 turns).

grandjackal the Knight (Demonspawn Gladiator)       Turns: 5225, Time: 00:05:53

HP:   -2/63 (74)    AC:  9    Str: 21    XL:     9   Next: 41%
MP:   24/24         EV: 11    Int:  9    God:    Okawaru [***...]
Gold: 353           SH: 12    Dex: 15    Spells: 8/8 levels left

rFire   + . .        t - +1 hand axe (heavy)
rCold   . . .        (no shield)
rNeg    . . .        r - +0 scale mail
rPois   +            c - +0 helmet
rElec   .            (no cloak)
rCorr   .            (no gloves)
SInv    .            B - +1 pair of boots of Cuggos {rPois MP+9 Str+3}
Will    .....        (no amulet) Stlth
                     m - ring of protection from fire
HPRegen 0.30/turn    (no ring)
MPRegen 0.19/turn

%: no passive effects
@: heavily drained
A: large bone plates 3, foul stench 2, condensation shield
a: Renounce Religion, Heroism


You were on level 7 of the Dungeon.
You worshipped Okawaru.
Okawaru was most pleased with you.
You visited 1 branch of the dungeon, and saw 7 of its levels.

You collected 353 gold pieces.

Inventory:

Hand Weapons
 a - a +0 war axe
 t - a +1 heavy hand axe (weapon)
 y - a +0 flail of draining
Missiles
 d - 6 throwing nets (quivered)
 e - a javelin
 A - 5 silver javelins
Armour
 c - a +0 helmet (worn)
 r - a +0 scale mail (worn)
 B - the +1 pair of boots of Cuggos (worn) {rPois MP+9 Str+3}
   (You found it on level 5 of the Dungeon)

   Str+3:     It affects your strength (+3).
   rPois:     It protects you from poison MP+9: It affects your magic capacity
   (+9).
Jewellery
 k - a ring of magical power
 m - a ring of protection from fire (left hand)
Wands
 p - a wand of flame (8)
Scrolls
 f - 2 scrolls of immolation {unknown}
 g - 2 scrolls of poison {unknown}
 i - 3 scrolls of identify {unknown}
 j - 2 scrolls of revelation {unknown}
 l - 2 scrolls of teleportation {unknown}
 q - 2 scrolls of noise {unknown}
 u - a scroll of blinking {unknown}
 v - a scroll of silence {unknown}
 z - 2 scrolls of fear {unknown}
 D - a scroll of enchant weapon {unknown}
Potions
 b - 3 potions of mutation {unknown}
 h - a potion of magic {unknown}
 n - 2 potions of enlightenment {unknown}
 o - a potion of curing {unknown}
 s - a potion of attraction {unknown}
 w - 2 potions of cancellation {unknown}
 x - a potion of brilliance {unknown}
 C - a potion of invisibility {unknown}


   Skills:
 + Level 8.1 Fighting
 + Level 7.6 Axes
 - Level 2.0 Throwing
 - Level 3.0 Dodging
 + Level 8.6 Invocations


You had 8 spell levels left.
You didn't know any spells.
Your spell library contained the following spells:

 Spells                   Type           Power      Damage    Failure   Level
 Magic Dart               Conj           0%         1d3       75%         1
 Shock                    Conj/Air       0%         1d3       75%         1
 Mephitic Cloud           Conj/Pois/Air  0%         N/A       98%         3
 Swiftness                Air            0%         N/A       98%         3
 Airstrike                Air            0%         2d(0-16)  100%        4
 Call Imp                 Summ           Unusable   N/A       N/A         2

Dungeon Overview and Level Annotations

Branches:
Dungeon (7/15)             Temple (0/1) D:5

Altars:
Ashenzari
Dithmenos
Gozag
Kikubaaqudgha
Okawaru


Innate Abilities, Weirdness & Mutations

You are completely covered in large bone plates. (SH +8)
You sometimes emit foul miasma when damaged in melee.
A meltable shield of frost defends you. (SH +4)


Message History

You block the wight's attack.
The wight hits you from afar with a +3 spear.
You feel drained.
You hit the wight.
The wight is almost destroyed.
The wight hits you from afar with a +3 spear.
You block the wight's attack.
You barely miss the wight.
The wight is almost destroyed.
You block the wight's attack. The wight closely misses you.
The wight hits you from afar with a +3 spear.
You block the wight's attack. The wight hits you with a +0 scimitar!
You emit a cloud of foul miasma!
You completely miss the wight. You slash the wight!
You destroy the wight!
Okawaru accepts your kill.
A wight comes into view. It is wielding a +0 scimitar.
A wight comes into view. It is wielding a +4 flail of freezing.
The wight barely misses you. You block the wight's attack.
Unknown command.
You barely miss the wight. You hit the wight but do no damage.
The wight hits you with a +0 scimitar.
You feel drained.
You emit a cloud of foul miasma!
You block the wight's attack. The wight misses you.
The wight barely misses you. The wight misses you.
You hit the wight.
The wight is lightly damaged.
You barely miss the wight. x2; The wight barely misses you.
The wight hits you with a +3 spear.
You feel drained.
You emit a cloud of foul miasma!
The wight hits you with a +4 flail of freezing!
You feel drained. The wight freezes you.
You emit a cloud of foul miasma!
You slash the wight!
The wight is heavily damaged.
You hit the wight but do no damage. You hit the wight. The wight misses you.
The wight hits you with a +3 spear!
* * * LOW HITPOINT WARNING * * *
You feel drained.
* * * LOW HITPOINT WARNING * * *
The wight hits you with a +4 flail of freezing!
You die...

#......# #......#
#......# . #......#
###. #......#### ...
#.........## ..####
#.....[....###.#....
#......#.#○.#z..#
##...)...##z@z.#
#.......####..#
#..(....####..#
#.............#
#....<...###..#
#.........###.#
#...........#..
#.......##....#
#.......# ....#


You could see 3 wights.

Vanquished Creatures
  Sigmund (D:2)
  4 yaks (D:5)
  Menkaure (D:4)
  Duvessa (D:4)
  A water moccasin (D:6)
  A black bear (D:5)
  2 sky beasts (D:6)
  3 ogres
  2 centaurs (D:6)
  2 phantoms
  A bullfrog (D:6)
  2 scorpions
  A wight (D:7)
  Dowan (D:4)
  2 howler monkeys
  2 hounds (D:6)
  An orc priest (D:3)
  A gnoll bouda (D:6)
  2 iguanas
  An orc wizard (D:6)
  13 gnolls
  9 adders
  A white imp (D:7)
  2 ufetubi (D:6)
  A worm (D:1)
  3 dart slugs
  11 orcs
  5 endoplasms
  4 goblins
  8 hobgoblins
  4 jackals (D:5)
  6 kobolds
  2 quokkas (D:1)
  5 ball pythons
  5 bats
  3 frilled lizards
  8 rats
122 creatures vanquished.

Notes
Turn   | Place    | Note
-------+----------+-------------------------------------------
     0 | D:1      | grandjackal the Demonspawn Gladiator began the quest for
                  | the Orb.
     0 | D:1      | Reached XP level 1. HP: 16/16 MP: 1/1
   182 | D:1      | Gained mutation: A meltable shield of frost defends you.
                  | (SH +4) [demonic ancestry]
   182 | D:1      | Reached XP level 2. HP: 15/22 MP: 2/2
   908 | D:2      | Reached XP level 3. HP: 23/28 MP: 3/3
  1129 | D:2      | Noticed Sigmund
  1402 | D:2      | Killed Sigmund
  1403 | D:2      | Gained mutation: You may rarely emit foul miasma when
                  | damaged in melee. [demonic ancestry]
  1403 | D:2      | Reached XP level 4. HP: 17/37 MP: 4/4
  1403 | D:2      | Gained mutation: You are partially covered in large bone
                  | plates. (SH +4) [demonic ancestry]
  1403 | D:2      | Reached XP level 5. HP: 19/42 MP: 5/5
  1661 | D:3      | Found an iron altar of Okawaru.
  1686 | D:3      | Found an ancient bone altar of Kikubaaqudgha.
  1688 | D:3      | Found a shadowy altar of Dithmenos.
  1732 | D:3      | Became a worshipper of Warmaster Okawaru
  1830 | D:3      | Reached skill level 1 in Invocations
  1830 | D:3      | Gained mutation: You sometimes emit foul miasma when
                  | damaged in melee. [demonic ancestry]
  1830 | D:3      | Reached XP level 6. HP: 5/49 MP: 6/6
  2034 | D:3      | Found a broken altar of Ashenzari.
  2370 | D:4      | Noticed Dowan
  2370 | D:4      | Noticed Duvessa
  2388 | D:4      | Killed Duvessa
  2399 | D:4      | Killed Dowan
  2400 | D:4      | Reached skill level 5 in Fighting
  2400 | D:4      | Reached skill level 5 in Axes
  2557 | D:4      | Reached XP level 7. HP: 56/56 MP: 9/9
  2622 | D:4      | Noticed Menkaure
  2637 | D:4      | Killed Menkaure
  2637 | D:4      | Reached * piety under Okawaru
  3152 | D:4      | Found an opulent altar of Gozag.
  3271 | D:5      | Entered Level 5 of the Dungeon
  3448 | D:5      | Noticed a yak
  3448 | D:5      | Noticed a yak
  3449 | D:5      | Noticed a yak
  3452 | D:5      | Noticed a yak
  3457 | D:5      | Killed a yak
  3458 | D:5      | Reached skill level 5 in Invocations
  3464 | D:5      | Killed a yak
  3464 | D:5      | Reached ** piety under Okawaru
  3465 | D:5      | Gained mutation: You are mostly covered in large bone
                  | plates. (SH +6) [demonic ancestry]
  3465 | D:5      | Reached XP level 8. HP: 37/64 MP: 10/12
  3781 | D:5      | Identified the +1 pair of boots of Cuggos {rPois MP+9
                  | Str+3}
  4049 | D:5      | Found a staircase to the Ecumenical Temple.
  4486 | D:6      | Reached *** piety under Okawaru
  4492 | D:6      | Gained mutation: You are completely covered in large bone
                  | plates. (SH +8) [demonic ancestry]
  4492 | D:6      | Reached XP level 9. HP: 40/72 MP: 14/14
  5225 | D:7      | Slain by a wight

Illustrated notes

Levels and vault maps discovered:
D:1:      dpeg_arrival_houses_and_road, layout_basic
D:2:      layout_rooms, chequers_serial_rivers_micro_c, uniq_sigmund
D:3:      layout_rooms, evilmike_ruin_ashenzari,
          gammafunk_temple_overflow_forgotten, item_on_display_a
D:4:      layout_basic, grunt_gozag_statues, uniq_duvessa, uniq_menkaure
D:5:      layout_loops_cross, minmay_temple_entry_nine_rooms
D:6:      layout_basic, minmay_misc_feat_encased, st_stairs_14,
          minmay_misc_feat_enclosed
D:7:      wad_pebble_path, layout_rooms, kennysheep_little_box,
          tso_oasis_becter, nicolae_hepliaklqana_hazy_memory,
          ebering_ghost_disaster_area

Skill      XL: |  1  2  3  4  5  6  7  8  9 |
---------------+----------------------------+-----
Throwing       | 2 |  2.0
Dodging        | 3 |  3.0
Axes           | 3 4 5 6 7 |  7.6
Fighting       | 4 5 6 7 8 |  8.1
Invocations    | 1 3 5 7 8 |  8.6

Action                     |  1- 3 |  4- 6 |  7- 9 || total
---------------------------+-------+-------+-------++-------
  Melee: War axe           |    98 |    45 |       ||   143
         Punch             |     1 |       |     5 ||     6
         Hand axe          |       |    39 |   196 ||   235
  Throw: Throwing net      |     1 |     2 |       ||     3
  Evoke: Wand              |       |       |     9 ||     9
    Use: Potion            |       |     1 |     1 ||     2
   Stab: Held in net/web   |     1 |       |       ||     1
 Armour: Leather armour    |    57 |     1 |       ||    58
         Scale mail        |       |    71 |   169 ||   240
  Dodge: Dodged            |    56 |    50 |   101 ||   207
  Block: Other             |    15 |    40 |    94 ||   149

Table legend: (Time is in decaauts)
 A = Elapsed time spent in this place.
 B = Non-inter-level travel time spent in this place.
 C = Inter-level travel time spent in this place.
 D = Time resting spent in this place.
 E = Time spent auto-exploring this place.
 F = Levels seen in this place.
 G = Mean time per level.
                   A        B        C        D        E       F      G
               +--------+--------+--------+--------+--------+-----+--------+
         Total |   5352 |   5133 |    219 |   1116 |   3026 |   7 |  764.6 |
       Dungeon |   5352 |   5133 |    219 |   1116 |   3026 |   7 |  764.6 |
               +--------+--------+--------+--------+--------+-----+--------+

Top non-repeatable levels by time:
     D:1: 1091 daAuts
     D:5: 1030 daAuts
     D:4: 945 daAuts
     D:6: 785 daAuts
     D:3: 707 daAuts
     D:2: 603 daAuts
     D:7: 189 daAuts
